 Dungeon Crawl Stone Soup version 0.30.0 (webtiles) character file.

Game seed: 4823003869377761466

103 Minorbread the Magician (level 4, -1/24 HPs)
             Began as a Deep Elf Fire Elementalist on May 24, 2023.
             Slain by Natasha (2 damage)
             ... on level 2 of the Dungeon.
             The game lasted 00:02:14 (1757 turns).

Minorbread the Magician (DEFE)                      Turns: 1757, Time: 00:02:15

Health: -1/24      AC:  3    Str:  5    XL:     4   Next: 51%
Magic:  0/12       EV: 12    Int: 22    God:
Gold:   32         SH:  0    Dex: 15    Spells: 4/11 levels left

rFire   . . .        (no weapon)
rCold   . . .        (no shield)
rNeg    . . .        a - +0 robe
rPois   .            c - +0 helmet
rElec   .            (no cloak)
rCorr   .            (no gloves)
SInv    .            (no boots)
Will    .....        (no amulet)
Stlth   ++           (no ring)
HPRegen 0.24/turn    (no ring)
MPRegen 0.13/turn

%: no passive effects
@: no status effects
A: no striking features
a: no special abilities


You were on level 2 of the Dungeon.
You visited 1 branch of the dungeon, and saw 2 of its levels.

You collected 32 gold pieces.

Inventory:

Armour
 a - a +0 robe (worn)
 c - a +0 helmet (worn)
Scrolls
 d - a scroll of identify {unknown}
 f - a scroll of immolation {unknown}
 g - a scroll of silence {unknown}
 h - a scroll of teleportation {unknown}
Potions
 b - 2 potions of magic
 e - a potion of lignification {unknown}
 i - 2 potions of heal wounds {unknown}
 j - 2 potions of might {unknown}


   Skills:
 - Level 2.4 Dodging
 - Level 2.4 Stealth
 + Level 4.4 Spellcasting
 + Level 2.9 Conjurations
 + Level 4.3 Fire Magic


You had 4 spell levels left.
You knew the following spells:

 Your Spells              Type           Power      Damage    Failure   Level
a - Foxfire               Conj/Fire      80%        2x1d8     2%          1
b - Scorch                Fire           46%        2d7       2%          2
c - Sticky Flame          Conj/Fire      20%        2d4       24%         4

Your spell library contained the following spells:

 Spells                   Type           Power      Damage    Failure   Level
 Inner Flame              Hex/Fire       14%        N/A       13%         3
 Volatile Blastmotes      Fire/Tloc      28%        2d12      13%         3
 Flame Wave               Conj/Fire      20%        2d7       24%         4


Dungeon Overview and Level Annotations

Branches:
Dungeon (2/15)

Altars:
Dithmenos

Annotations:
D:2 Natasha


Message History

You kill the worm!
Natasha, Servant of Life and Death comes into view.
She is carrying a wand of flame (10).
Natasha zaps a wand.
The puff of flame misses you.
You see here a worm corpse.
Natasha zaps a wand.
The puff of flame hits you.
Casting: Scorch (safe; 2% risk of failure)
Confirm with . or Enter, or press ? or * to list all spells.
Flames lash Natasha.
Natasha is heavily wounded.
Natasha's fire resistance burns away.
Natasha casts a spell.
Casting: Scorch (safe; 2% risk of failure)
Confirm with . or Enter, or press ? or * to list all spells.
Flames lash Natasha.
Natasha is burned terribly!
Natasha is severely wounded.
Natasha claws you! The cerulean imp closely misses you.
Casting: Scorch (safe; 2% risk of failure)
Confirm with . or Enter, or press ? or * to list all spells.
Flames lash the cerulean imp.
The cerulean imp is moderately wounded.
The cerulean imp's fire resistance burns away.
Natasha claws you.
* * * LOW HITPOINT WARNING * * *
The cerulean imp hits you but does no damage.
Casting: Scorch (safe; 2% risk of failure)
Confirm with . or Enter, or press ? or * to list all spells.
Flames lash the cerulean imp.
The cerulean imp is burned terribly!
You kill the cerulean imp!
The cerulean imp disappears in a puff of smoke!
Natasha wildly gestures.
Natasha shimmers violently.
Natasha claws you.
* * * LOW HITPOINT WARNING * * *
Casting: Scorch (safe; 2% risk of failure)
Confirm with . or Enter, or press ? or * to list all spells.
You don't have enough magic to cast this spell.
Casting: Scorch (safe; 2% risk of failure)
Confirm with . or Enter, or press ? or * to list all spells.
You conjure some foxfire!
Natasha claws you.
You die...

### #.##.##
#####...## #.# #
#....†#... #.#
#.###...## #.# #
##.###
#######.##.#
#....
.......#...#
#..##
#######†#### #..#
#v# #..# #@#
#.####..## #h#
.......... #.#
..####)... #.#
####... ...
#.....# #.#
#.....# #.#
#.....# ..#
#.....# #...
###########......


You could see Natasha (combustible, ally target).

Vanquished Creatures
  Natasha (twice) (D:2)
  An adder (D:2)
  2 worms (D:2)
  3 dart slugs
  3 endoplasms (D:2)
  A goblin (D:2)
  6 hobgoblins
  2 jackals (D:2)
  A quokka (D:2)
  2 bats
  3 frilled lizards
  4 kobolds
  4 rats
34 creatures vanquished.

Vanquished Creatures (others)
  39 foxfires
39 creatures vanquished.

Grand Total: 73 creatures vanquished

Notes
Turn   | Place    | Note
-------+----------+-------------------------------------------
     0 | D:1      | Minorbread the Deep Elf Fire Elementalist began the quest
                  | for the Orb.
     0 | D:1      | Reached XP level 1. HP: 10/10 MP: 6/6
   364 | D:1      | Reached XP level 2. HP: 12/15 MP: 5/8
   802 | D:1      | Learned a level 2 spell: Scorch
  1023 | D:2      | Reached XP level 3. HP: 19/19 MP: 7/10
  1205 | D:2      | Found a shadowy altar of Dithmenos.
  1412 | D:2      | Noticed Natasha
  1415 | D:2      | Killed Natasha
  1537 | D:2      | Reached XP level 4. HP: 24/24 MP: 7/12
  1564 | D:2      | Noticed Natasha
  1566 | D:2      | Killed Natasha
  1648 | D:2      | Learned a level 4 spell: Sticky Flame
  1749 | D:2      | Noticed Natasha
  1756 | D:2      | HP: 1/24 [Natasha (5)]
  1757 | D:2      | Slain by Natasha

Illustrated notes

Levels and vault maps discovered:
D:1:      minmay_arrival_solitary_statue, layout_loops_corners,
          grunt_decor_fettered
D:2:      layout_loops_ring, basic_altar, nicolae_kite_square_tiling_tiny,
          nicolae_wormholes, uniq_natasha

Skill      XL: |  1  2  3 |
---------------+----------+-----
Conjurations   | 2 |  2.9
Spellcasting   | 4 |  4.4
Fire Magic     | 4 |  4.3
Dodging        | |  2.4
Stealth        | |  2.4

Action                     |  1- 3 |  4- 6 || total
---------------------------+-------+-------++-------
   Cast: Foxfire           |    27 |     1 ||    28
         Scorch            |    18 |    11 ||    29
 Armour: Robe              |     1 |     1 ||     2
  Dodge: Dodged            |     3 |     2 ||     5
